cohdb
Replays
Latest Replays
All Replays
Popular Replays
Top Player Replays
Match Explorer
How It Works
Community
CoH3 Stats
Reddit
Sign in to upload your games and track your stats! →
Sign in with Steam
Match 41221372
Unlisted
Match 41221372
Overview
Messages
Build Orders
End
Construct Infanterie Kompanie
Kettenkrad Recon Vehicle
Grenadier Squad
Grenadier Squad
Grenadier Squad
Construct Luftwaffe Kompanie
MG 42 Machine Gun Team
Flak 30 Anti-aircraft Gun Team
Flak 30 Anti-aircraft Gun Team
Jäger Squad
Jäger Squad
Support Elements
Wirbelwind Flakpanzer
Pioneer Squad
Marder III M Tank Destroyer
Wirbelwind Flakpanzer
Grenadier Squad
Jäger Squad
Grand.G
D O M I N A T I O N
0
0
Comments
sign in to comment!
No comments posted yet!